Sarnia Sailors vs Tucson Roadrunners
Created - Thursday, August 29, 2024 at 09:14
Goals
|
| Sarnia Sailors |
1 |
1 |
2 |
0 |
2 |
5 |
| Tucson Roadrunners |
1 |
1 |
2 |
0 |
0 |
4 |
|
Shots
|
| Sarnia Sailors |
9 |
12 |
19 |
4 |
3 |
44 |
| Tucson Roadrunners |
7 |
8 |
12 |
1 |
2 |
28 |
|
1st period
1. Sarnia Sailors , Brad Lambert 8 (Arthur Kaliyev 11) at 18:26 (PP)
2. Tucson Roadrunners , Kiefer Sherwood 8 (Johnathan Kovacevic 2) at 19:19
Penalties :
Arthur Kaliyev (SAR) for Tripping (Minor) at 0:22, Topias Vilen (TRR) for Cross-checking (Minor) at 18:22
2nd period
3. Tucson Roadrunners , Kiefer Sherwood 9 (Owen Sillinger 2) at 5:23
4. Sarnia Sailors , Jesse Puljujarvi 5 (Cole Reinhardt 3) at 14:59 (PP)
Penalties :
Nicolas Petan (TRR) for Fighting (Major) at 1:00, Jesse Puljujarvi (SAR) for Fighting (Major) at 1:00, Brad Lambert (SAR) for Holding (Minor) at 1:22, Jett Woo (SAR) for Interference (Minor) at 8:16, William Carrier (TRR) for Hooking (Minor) at 14:21, Gage Goncalves (TRR) for High sticking (Minor) at 18:22
3rd period
5. Sarnia Sailors , Lucas Edmonds 1 (Landon Slaggert 2, Jett Woo 4) at 3:08
6. Sarnia Sailors , Samuel Walker 3 (Logan Morrison 4, Jett Woo 5) at 4:11
7. Tucson Roadrunners , Walker Duehr 5 (Maxwell Crozier 6) at 11:18
8. Tucson Roadrunners , Matt Nieto 4 (Kiefer Sherwood 8, Johnathan Kovacevic 3) at 18:54
Penalties :
Nick Seeler (TRR) for Roughing (Double Minor) at 4:22, Ben Jones (TRR) for Fighting (Major) at 15:39, Tyson Hinds (SAR) for Fighting (Major) at 15:39
Overtime #1
No Goal
Penalties :
No Penalty
Shootout
Sarnia Sailors, Arthur Kaliyev - Shot Misses the Net
Tucson Roadrunners, Kiefer Sherwood - Stopped by Remi Poirier
Sarnia Sailors, Jesse Puljujarvi - Goal!
Tucson Roadrunners, Matt Nieto - Stopped by Remi Poirier
Sarnia Sailors, Adam Erne - Goal!
Penalties :
No Penalty
Goalie Stats
Remi Poirier (SAR), 24 saves from 28 shots - (0.857), W, 4-0-0, 65:00 minutes
Kaapo Kahkonen (TRR), 40 saves from 44 shots - (0.909), OTL, 0-0-1, 64:42 minutes
Players Stats for Sarnia Sailors
Player Name G A P +/- PIM S H SB GA TA FO MP PP MP PK MP
------------------------------------------------------------------------------------
Adam Erne 0 0 0 0 0 0 0 0 0 0 2/2 15:45 0:32 3:03
Adam Ginning 0 0 0 -2 0 0 2 2 0 1 0/0 11:54 0:00 0:26
Antti Saarela 0 0 0 1 0 0 0 0 0 0 0/2 9:22 0:00 0:00
Arthur Kaliyev 0 1 1 -4 2 5 0 1 2 0 1/1 23:11 3:32 0:51
Brad Lambert 1 0 1 -4 2 7 4 0 1 0 23/34 22:23 3:32 0:37
Cole Reinhardt 0 1 1 1 0 0 3 0 1 0 1/1 13:43 2:36 0:12
Declan Chisholm 0 0 0 1 0 5 1 1 1 2 0/0 29:26 4:08 3:32
Jack Rathbone 0 0 0 -1 0 2 3 1 0 0 0/0 24:02 2:32 2:25
Jamie Drysdale 0 0 0 0 0 7 3 1 0 0 0/0 31:01 4:08 3:32
Jesse Puljujarvi 1 0 1 0 5 6 2 0 0 1 0/0 14:04 2:33 0:00
Jett Woo 0 2 2 0 2 2 1 2 0 0 0/0 22:35 2:32 1:24
Landon Slaggert 0 1 1 1 0 0 1 1 1 0 0/0 11:24 0:00 1:51
Logan Morrison 0 1 1 1 0 0 2 0 0 0 6/10 15:24 0:35 3:04
Lucas Edmonds 1 0 1 1 0 3 0 0 0 0 0/0 9:49 0:35 0:00
Samuel Walker 1 0 1 1 0 2 2 0 0 1 0/0 9:45 0:00 0:00
Tristen Nielsen 0 0 0 0 0 2 1 2 1 1 5/13 18:26 2:33 2:16
Tyson Hinds 0 0 0 -2 5 0 1 2 0 0 0/0 11:21 0:00 0:35
Vasili Podkolzin 0 0 0 -4 0 3 1 0 1 0 0/1 20:33 3:32 0:00
Players Stats for Tucson Roadrunners
Player Name G A P +/- PIM S H SB GA TA FO MP PP MP PK MP
------------------------------------------------------------------------------------
Anthony Richard 0 0 0 0 0 5 2 1 0 0 1/1 13:23 0:13 0:00
Ben Jones 0 0 0 0 5 1 1 0 0 0 0/0 11:26 0:00 0:00
Brock McGinn 0 0 0 0 0 0 2 0 1 0 0/0 21:18 2:55 3:06
Chase Wheatcroft 0 0 0 1 0 0 0 0 0 0 0/0 6:37 0:02 0:00
Gage Goncalves 0 0 0 0 2 0 1 1 1 1 0/0 16:28 3:02 0:00
Johnathan Kovacevic 0 2 2 3 0 0 3 3 0 2 0/0 29:06 3:09 3:25
Kiefer Sherwood 2 1 3 2 0 5 7 2 2 0 8/28 25:48 2:53 3:07
Maksymilian Szuber 0 0 0 0 0 1 2 0 0 1 0/0 14:15 0:00 1:46
Matt Nieto 1 0 1 1 0 3 3 1 0 1 0/0 23:09 2:53 3:07
Maxwell Crozier 0 1 1 -1 0 2 3 5 0 0 0/0 23:19 2:48 3:09
Nick Seeler 0 0 0 3 4 1 4 2 0 0 0/0 27:49 3:09 1:31
Nicolas Petan 0 0 0 0 5 0 1 0 0 0 7/10 14:46 1:54 0:27
Owen Sillinger 0 1 1 1 0 0 0 0 1 0 1/2 6:24 0:00 0:00
Robert Hagg 0 0 0 -1 0 1 2 1 0 2 0/0 23:07 2:48 2:57
Topias Vilen 0 0 0 0 2 1 0 1 0 1 0/0 12:43 0:00 0:32
Trevor Kuntar 0 0 0 0 0 0 3 0 0 0 3/4 8:01 1:06 0:00
Walker Duehr 1 0 1 0 0 7 0 0 1 0 3/12 13:43 0:00 0:55
William Carrier 0 0 0 1 2 1 2 1 0 0 3/7 22:02 2:53 2:38
3 Stars
1 - Kiefer Sherwood (TRR)
2 - Johnathan Kovacevic (TRR)
3 - Samuel Walker (SAR)
Power Play
Sarnia Sailors - 2 on 5 Attempt(s) - 40.00%
Tucson Roadrunners - 0 on 3 Attempt(s) - 0.00%
Penalty Kill
Sarnia Sailors - 3 on 3 Attempt(s) - 100.00%
- Score 0 goal in Penalty Kill
Tucson Roadrunners - 3 on 5 Attempt(s) - 60.00%
- Score 0 goal in Penalty Kill
Team Stat
Sarnia Sailors - Hits : 27 - Faceoff Wins : 38 - Blocked Shots : 13 - Penalty Minutes : 16
Tucson Roadrunners - Hits : 36 - Faceoff Wins : 26 - Blocked Shots : 18 - Penalty Minutes : 20
Official
Referees : Dan O'Rourke and Kendrick Nicholson
Linesman : CJ Murray and Bryan Pancich
Game Notes
Jesse Puljujarvi beats up Nicolas Petan at 1:00 of 2nd period
Ben Jones beats up Tyson Hinds at 15:39 of 3rd period
Sarnia Sailors
5 vs 5 Forward
Center Left Wing Right Wing Time % Phy DF OF
1 Brad Lambert Vasili Podkolzin Arthur Kaliyev 40 2 1 2
2 Tristen Nielsen Adam Erne Jesse Puljujarvi 30 2 1 2
3 Logan Morrison Samuel Walker Cole Reinhardt 20 1 2 2
4 Antti Saarela Landon Slaggert Lucas Edmonds 10 2 1 2
5 vs 5 Defense
Defense Defense Time % Phy DF OF
1 Jamie Drysdale Declan Chisholm 40 1 2 2
2 Jett Woo Jack Rathbone 30 2 1 2
3 Tyson Hinds Adam Ginning 20 2 2 1
4 Jamie Drysdale Jack Rathbone 10 1 2 2
PowerPlay Forward
Center Left Wing Right Wing Time % Phy DF OF
1 Brad Lambert Vasili Podkolzin Arthur Kaliyev 60 0 1 4
2 Tristen Nielsen Cole Reinhardt Jesse Puljujarvi 40 0 1 4
PowerPlay Defense
Defense Defense Time % Phy DF OF
1 Jamie Drysdale Declan Chisholm 60 1 1 3
2 Jett Woo Jack Rathbone 40 2 1 2
Penalty Kill 4 Players Forward
Center Wing Time % Phy DF OF
1 Logan Morrison Adam Erne 60 2 2 1
2 Tristen Nielsen Landon Slaggert 40 2 2 1
Penalty Kill 4 Players Defense
Defense Defense Time % Phy DF OF
1 Jamie Drysdale Declan Chisholm 60 2 1 2
2 Jett Woo Jack Rathbone 40 2 2 1
Penalty Kill - 3 Players Forward
Forward Time % Phy DF OF
1 Logan Morrison 60 2 1 2
2 Tristen Nielsen 40 2 2 1
Penalty Kill - 3 Players Defense
Defense Defense Time % Phy DF OF
1 Jamie Drysdale Declan Chisholm 60 2 1 2
2 Jett Woo Jack Rathbone 40 2 1 2
4 vs 4 Forward
Center Wing Time % Phy DF OF
1 Brad Lambert Arthur Kaliyev 60 2 1 2
2 Tristen Nielsen Vasili Podkolzin 40 2 1 2
4 vs 4 Defense
Defense Defense Time % Phy DF OF
1 Jamie Drysdale Declan Chisholm 60 1 2 2
2 Jett Woo Jack Rathbone 40 2 1 2
Last Minutes Offensive
Center Left Wing Right Wing Defense Defense
Brad Lambert Vasili Podkolzin Arthur Kaliyev Jamie Drysdale Jack Rathbone
Last Minutes Defensive
Center Left Wing Right Wing Defense Defense
Brad Lambert Vasili Podkolzin Arthur Kaliyev Jamie Drysdale Jack Rathbone
Goaltenders
Starting : Remi Poirier
Backup : Sebastian Cossa
Extra Forwards
Normal : Logan Morrison, Cole Reinhardt, Lucas Edmonds - PP : Logan Morrison, Cole Reinhardt - PK : Logan Morrison
Extra Defensemen
Normal : Tyson Hinds, Adam Ginning, Jamie Drysdale - PP : Tyson Hinds - PK : Tyson Hinds, Adam Ginning
Penalty Shots
Arthur Kaliyev, Jesse Puljujarvi, Adam Erne, Vasili Podkolzin, Samuel Walker
Scratches
Daniel Torgersson (Healthy), Tyler Boucher (Healthy), Zach Uens (Healthy), Rory Kerins (Healthy), Dylan Ferguson (Healthy)
Tucson Roadrunners
5 vs 5 Forward
Center Left Wing Right Wing Time % Phy DF OF
1 Kiefer Sherwood William Carrier Matt Nieto 35 1 2 2
2 Nicolas Petan Gage Goncalves Brock McGinn 30 1 2 2
3 Walker Duehr Ben Jones Anthony Richard 25 1 2 2
4 Owen Sillinger Chase Wheatcroft Kiefer Sherwood 10 1 2 2
5 vs 5 Defense
Defense Defense Time % Phy DF OF
1 Nick Seeler Johnathan Kovacevic 35 1 3 1
2 Maxwell Crozier Robert Hagg 30 1 3 1
3 Topias Vilen Maksymilian Szuber 25 1 3 1
4 Nick Seeler Johnathan Kovacevic 10 1 3 1
PowerPlay Forward
Center Left Wing Right Wing Time % Phy DF OF
1 Kiefer Sherwood William Carrier Matt Nieto 50 1 1 3
2 Nicolas Petan Gage Goncalves Brock McGinn 50 1 1 3
PowerPlay Defense
Defense Defense Time % Phy DF OF
1 Nick Seeler Johnathan Kovacevic 50 1 2 2
2 Maxwell Crozier Robert Hagg 50 1 2 2
Penalty Kill 4 Players Forward
Center Wing Time % Phy DF OF
1 Kiefer Sherwood Matt Nieto 50 1 3 1
2 William Carrier Brock McGinn 50 1 3 1
Penalty Kill 4 Players Defense
Defense Defense Time % Phy DF OF
1 Nick Seeler Johnathan Kovacevic 50 1 3 1
2 Maxwell Crozier Robert Hagg 50 1 3 1
Penalty Kill - 3 Players Forward
Forward Time % Phy DF OF
1 Kiefer Sherwood 50 1 3 1
2 Matt Nieto 50 1 3 1
Penalty Kill - 3 Players Defense
Defense Defense Time % Phy DF OF
1 Nick Seeler Johnathan Kovacevic 50 1 3 1
2 Maxwell Crozier Robert Hagg 50 1 3 1
4 vs 4 Forward
Center Wing Time % Phy DF OF
1 Kiefer Sherwood Matt Nieto 50 1 2 2
2 William Carrier Brock McGinn 50 1 2 2
4 vs 4 Defense
Defense Defense Time % Phy DF OF
1 Nick Seeler Johnathan Kovacevic 50 1 2 2
2 Maxwell Crozier Robert Hagg 50 1 2 2
Last Minutes Offensive
Center Left Wing Right Wing Defense Defense
Kiefer Sherwood William Carrier Matt Nieto Nick Seeler Johnathan Kovacevic
Last Minutes Defensive
Center Left Wing Right Wing Defense Defense
Kiefer Sherwood William Carrier Matt Nieto Nick Seeler Johnathan Kovacevic
Goaltenders
Starting : Kaapo Kahkonen
Backup : Hunter Shepard
Extra Forwards
Normal : Trevor Kuntar, Anthony Richard, Walker Duehr - PP : Trevor Kuntar, Anthony Richard - PK : Walker Duehr
Extra Defensemen
Normal : Topias Vilen, Maksymilian Szuber, Maxwell Crozier - PP : Topias Vilen - PK : Maksymilian Szuber, Maxwell Crozier
Penalty Shots
Kiefer Sherwood, Matt Nieto, William Carrier, Brock McGinn, Anthony Richard
Scratches
Samuel Knazko (Healthy), Zach Dean (Healthy), Ondrej Pavel (Healthy), Alexander Kisakov (Healthy), Jack Matier (Healthy)
Lleyton Moore (Healthy), Tanner Dickinson (Healthy), Hunter Drew (Healthy), Ole Julian Bjorgvik Holm (Healthy), Magnus Chrona (Healthy)
Georgi Romanov (Healthy), Kevin Mandolese (Healthy), Arturs Silovs (Healthy)
% Time on Ice - Sarnia Sailors
Lines # - Real PCT - Wanted PCT - Time Play
Normal Forward
1 - 34% - 40% - 15:54
2 - 26% - 30% - 12:12
3 - 21% - 20% - 9:45
4 - 20% - 10% - 9:22
Normal Defense
1 - 40% - 40% - 18:53
2 - 35% - 30% - 16:22
3 - 22% - 20% - 10:33
4 - 3% - 10% - 1:25
PP Forward
1 - 57% - 60% - 3:47
2 - 43% - 40% - 2:53
PP Defense
1 - 62% - 60% - 4:08
2 - 38% - 40% - 2:32
PK Forward
1 - 69% - 60% - 4:06
2 - 31% - 40% - 1:51
PK Defense
1 - 59% - 60% - 3:32
2 - 41% - 40% - 2:25
PK3 Forward
1 - 0% - 60%
2 - 0% - 40%
PK3 Defense
1 - 0% - 60%
2 - 0% - 40%
44 Forward
1 - 72% - 60% - 3:36
2 - 28% - 40% - 1:24
44 Defense
1 - 58% - 60% - 2:53
2 - 42% - 40% - 2:07
Last Minute Offensive - 0:00
Last Minute Defensive - 0:10
Total
Forward - 65:00
Defense - 65:00
|
% Time on Ice - Tucson Roadrunners
Lines # - Real PCT - Wanted PCT - Time Play
Normal Forward
1 - 31% - 35% - 14:40
2 - 29% - 30% - 13:31
3 - 27% - 25% - 12:48
4 - 14% - 10% - 6:24
Normal Defense
1 - 37% - 35% - 17:28
2 - 32% - 30% - 15:09
3 - 26% - 25% - 12:12
4 - 5% - 10% - 2:34
PP Forward
1 - 48% - 50% - 2:53
2 - 52% - 50% - 3:04
PP Defense
1 - 53% - 50% - 3:09
2 - 47% - 50% - 2:48
PK Forward
1 - 48% - 50% - 3:10
2 - 53% - 50% - 3:30
PK Defense
1 - 56% - 50% - 3:43
2 - 44% - 50% - 2:57
PK3 Forward
1 - 0% - 50%
2 - 0% - 50%
PK3 Defense
1 - 0% - 50%
2 - 0% - 50%
44 Forward
1 - 53% - 50% - 2:40
2 - 47% - 50% - 2:20
44 Defense
1 - 56% - 50% - 2:47
2 - 44% - 50% - 2:13
Last Minute Offensive - 0:00
Last Minute Defensive - 0:00
Total
Forward - 65:00
Defense - 65:00
|
Play-by-Play
1st period
0:01 of 1st period - Brad Lambert wins face-off versus Kiefer Sherwood in neutral zone.
0:22 of 1st period - Minor Penalty to Arthur Kaliyev for Tripping.
0:23 of 1st period - Logan Morrison wins face-off versus Kiefer Sherwood in Sarnia Sailors zone.
1:17 of 1st period - Adam Erne is hit by Kiefer Sherwood.
2:22 of 1st period - Penalty to Arthur Kaliyev is over, Arthur Kaliyev is back on ice.
2:37 of 1st period - Wrist shot by Anthony Richard.
2:37 of 1st period - Shot Misses the Net.
2:39 of 1st period - Wrist shot by Walker Duehr.
2:39 of 1st period - Stopped by Remi Poirier with a rebound.
4:22 of 1st period - Owen Sillinger is hit by Samuel Walker and loses puck.
4:33 of 1st period - Arthur Kaliyev is hit by Maksymilian Szuber and loses puck.
4:44 of 1st period - William Carrier is hit by Tyson Hinds and loses puck.
4:57 of 1st period - Jett Woo is hit by Gage Goncalves and loses puck.
5:14 of 1st period - Maxwell Crozier is hit by Samuel Walker and loses puck.
5:25 of 1st period - Chase Wheatcroft is hit by Jamie Drysdale and loses puck.
5:43 of 1st period - Jett Woo is hit by Johnathan Kovacevic and loses puck.
5:59 of 1st period - Logan Morrison is hit by Anthony Richard and loses puck.
6:10 of 1st period - Logan Morrison is hit by Kiefer Sherwood and loses puck.
6:15 of 1st period - Slapshot by Kiefer Sherwood.
6:15 of 1st period - Stopped by Remi Poirier with a rebound.
8:06 of 1st period - Landon Slaggert is hit by Trevor Kuntar and loses puck.
8:19 of 1st period - Jett Woo is hit by Trevor Kuntar and loses puck.
8:50 of 1st period - Wrist shot by Brad Lambert.
8:50 of 1st period - Stopped by Kaapo Kahkonen with a rebound.
8:52 of 1st period - Snap shot by Vasili Podkolzin.
8:52 of 1st period - Shot Misses the Net.
8:54 of 1st period - Snap shot by Brad Lambert.
8:54 of 1st period - Stopped by Kaapo Kahkonen with a rebound.
8:56 of 1st period - Wrist shot by Arthur Kaliyev.
8:56 of 1st period - Stopped by Kaapo Kahkonen with a rebound.
8:58 of 1st period - Slapshot by Brad Lambert.
8:58 of 1st period - Stopped by Kaapo Kahkonen with a rebound.
9:27 of 1st period - Nick Seeler is hit by Cole Reinhardt and loses puck.
10:47 of 1st period - Owen Sillinger is hit by Adam Ginning.
11:15 of 1st period - Maxwell Crozier is hit by Vasili Podkolzin and loses puck.
11:33 of 1st period - Brock McGinn is hit by Cole Reinhardt and loses puck.
11:40 of 1st period - Logan Morrison is hit by Nicolas Petan and loses puck.
11:55 of 1st period - Snap shot by Jesse Puljujarvi.
11:55 of 1st period - Stopped by Kaapo Kahkonen with a rebound.
12:03 of 1st period - Snap shot by Tristen Nielsen.
12:03 of 1st period - Shot Blocked by Matt Nieto.
12:15 of 1st period - Wrist shot by Lucas Edmonds.
12:15 of 1st period - Shot Misses the Net.
12:29 of 1st period - Icing by Topias Vilen.
12:30 of 1st period - Owen Sillinger wins face-off versus Brad Lambert in Tucson Roadrunners zone.
12:46 of 1st period - Topias Vilen is hit by Brad Lambert and loses puck.
13:13 of 1st period - Snap shot by Owen Sillinger.
13:13 of 1st period - Shot Misses the Net.
13:15 of 1st period - Slapshot by Topias Vilen.
13:15 of 1st period - Stopped by Remi Poirier with a rebound.
13:44 of 1st period - Snap shot by Arthur Kaliyev.
13:44 of 1st period - Shot Misses the Net.
13:46 of 1st period - Wrist shot by Arthur Kaliyev.
13:46 of 1st period - Stopped by Kaapo Kahkonen without a rebound.
13:47 of 1st period - Adam Erne wins face-off versus Kiefer Sherwood in Tucson Roadrunners zone.
13:48 of 1st period - Snap shot by Jesse Puljujarvi.
13:48 of 1st period - Stopped by Kaapo Kahkonen with a rebound.
14:00 of 1st period - Snap shot by Jesse Puljujarvi.
14:00 of 1st period - Shot Blocked by Maxwell Crozier.
14:45 of 1st period - Snap shot by Ben Jones.
14:45 of 1st period - Shot Misses the Net.
14:47 of 1st period - Wrist shot by Walker Duehr.
14:47 of 1st period - Deflect By Anthony Richard.
14:47 of 1st period - Stopped by Remi Poirier with a rebound.
16:07 of 1st period - Vasili Podkolzin is hit by Maxwell Crozier and loses puck.
16:47 of 1st period - Matt Nieto is hit by Jesse Puljujarvi and loses puck.
17:04 of 1st period - Brock McGinn is hit by Jack Rathbone and loses puck.
17:21 of 1st period - Wrist shot by Walker Duehr.
17:21 of 1st period - Deflect By Vasili Podkolzin.
17:21 of 1st period - Stopped by Remi Poirier with a rebound.
17:37 of 1st period - Adam Erne is hit by Kiefer Sherwood and loses puck.
17:52 of 1st period - Slapshot by William Carrier.
17:52 of 1st period - Stopped by Remi Poirier with a rebound.
17:54 of 1st period - Snap shot by Maksymilian Szuber.
17:54 of 1st period - Deflect By Matt Nieto.
17:54 of 1st period - Shot Misses the Net.
17:54 of 1st period - Puck is out of play.
17:55 of 1st period - Trevor Kuntar wins face-off versus Antti Saarela in Sarnia Sailors zone.
18:07 of 1st period - Snap shot by Trevor Kuntar.
18:07 of 1st period - Shot Blocked by Declan Chisholm.
18:22 of 1st period - Minor Penalty to Topias Vilen for Cross-checking.
18:23 of 1st period - Brad Lambert wins face-off versus Kiefer Sherwood in Tucson Roadrunners zone.
18:26 of 1st period - Snap shot by Brad Lambert.
18:26 of 1st period - Goal by Brad Lambert - Sarnia Sailors : 1 - Tucson Roadrunners : 0.
18:27 of 1st period - Arthur Kaliyev wins face-off versus Kiefer Sherwood in neutral zone.
18:40 of 1st period - Backhand shot by Arthur Kaliyev.
18:40 of 1st period - Deflect By Vasili Podkolzin.
18:40 of 1st period - Shot Blocked by Kiefer Sherwood.
18:40 of 1st period - Puck is out of play.
18:41 of 1st period - Tristen Nielsen wins face-off versus Nicolas Petan in Tucson Roadrunners zone.
18:42 of 1st period - Slapshot by Jamie Drysdale.
18:42 of 1st period - Deflect By Johnathan Kovacevic.
18:42 of 1st period - Stopped by Kaapo Kahkonen without a rebound.
18:43 of 1st period - Nicolas Petan wins face-off versus Tristen Nielsen in Tucson Roadrunners zone.
19:19 of 1st period - Wrist shot by Kiefer Sherwood.
19:19 of 1st period - Goal by Kiefer Sherwood - Sarnia Sailors : 1 - Tucson Roadrunners : 1.
19:20 of 1st period - Brad Lambert wins face-off versus Kiefer Sherwood in neutral zone.
19:23 of 1st period - Snap shot by Brad Lambert.
19:23 of 1st period - Shot Blocked by Kiefer Sherwood.
19:25 of 1st period - Wrist shot by Brad Lambert.
19:25 of 1st period - Deflect By Vasili Podkolzin.
19:25 of 1st period - Shot Misses the Net.
19:25 of 1st period - Puck is out of play.
19:26 of 1st period - Brad Lambert wins face-off versus William Carrier in Tucson Roadrunners zone.
19:27 of 1st period - Snap shot by Arthur Kaliyev.
19:27 of 1st period - Shot Misses the Net.
19:29 of 1st period - Wrist shot by Brad Lambert.
19:29 of 1st period - Shot Blocked by Johnathan Kovacevic.
19:35 of 1st period - Snap shot by Arthur Kaliyev.
19:35 of 1st period - Shot Blocked by Johnathan Kovacevic.
Goals for this period are 1 for Sarnia Sailors vs 1 for Tucson Roadrunners.
Shots for this period are 9 for Sarnia Sailors vs 7 for Tucson Roadrunners.
2nd period
0:01 of 2nd period - Brad Lambert wins face-off versus Kiefer Sherwood in neutral zone.
0:01 of 2nd period - Vasili Podkolzin is hit by Matt Nieto and loses puck.
0:06 of 2nd period - Snap shot by Arthur Kaliyev.
0:06 of 2nd period - Stopped by Kaapo Kahkonen without a rebound.
0:07 of 2nd period - Kiefer Sherwood wins face-off versus Brad Lambert in Tucson Roadrunners zone.
0:16 of 2nd period - Slapshot by Arthur Kaliyev.
0:16 of 2nd period - Shot Misses the Net.
0:18 of 2nd period - Backhand shot by Vasili Podkolzin.
0:18 of 2nd period - Shot Misses the Net.
0:20 of 2nd period - Slapshot by Declan Chisholm.
0:20 of 2nd period - Shot Misses the Net.
0:22 of 2nd period - Slapshot by Brad Lambert.
0:22 of 2nd period - Stopped by Kaapo Kahkonen with a rebound.
0:36 of 2nd period - Nick Seeler is hit by Logan Morrison and loses puck.
0:57 of 2nd period - Wrist shot by Jesse Puljujarvi.
0:57 of 2nd period - Deflect By Tristen Nielsen.
0:57 of 2nd period - Shot Misses the Net.
0:57 of 2nd period - Puck is out of play.
0:58 of 2nd period - Nicolas Petan wins face-off versus Tristen Nielsen in Tucson Roadrunners zone.
1:00 of 2nd period - Jesse Puljujarvi beats up Nicolas Petan.
1:00 of 2nd period - Penalty to Nicolas Petan for Fighting.
1:00 of 2nd period - Penalty to Jesse Puljujarvi for Fighting.
1:01 of 2nd period - Kiefer Sherwood wins face-off versus Brad Lambert in Tucson Roadrunners zone.
1:01 of 2nd period - Kiefer Sherwood is hit by Brad Lambert.
1:22 of 2nd period - Minor Penalty to Brad Lambert for Holding.
1:23 of 2nd period - Logan Morrison wins face-off versus Trevor Kuntar in Sarnia Sailors zone.
1:57 of 2nd period - Slapshot by Matt Nieto.
1:57 of 2nd period - Stopped by Remi Poirier without a rebound.
1:58 of 2nd period - Trevor Kuntar wins face-off versus Tristen Nielsen in Sarnia Sailors zone.
2:55 of 2nd period - Nick Seeler is hit by Tristen Nielsen.
3:22 of 2nd period - Penalty to Brad Lambert is over, Brad Lambert is back on ice.
3:35 of 2nd period - Snap shot by Walker Duehr.
3:35 of 2nd period - Stopped by Remi Poirier with a rebound.
3:37 of 2nd period - Snap shot by Anthony Richard.
3:37 of 2nd period - Shot Blocked by Adam Ginning.
3:39 of 2nd period - Wrist shot by Walker Duehr.
3:39 of 2nd period - Shot Blocked by Tyson Hinds.
4:05 of 2nd period - Snap shot by Logan Morrison.
4:05 of 2nd period - Deflect By Cole Reinhardt.
4:05 of 2nd period - Shot Blocked by Topias Vilen.
4:05 of 2nd period - Puck is out of play.
4:06 of 2nd period - Trevor Kuntar wins face-off versus Logan Morrison in Tucson Roadrunners zone.
4:06 of 2nd period - Trevor Kuntar is hit by Jack Rathbone.
4:11 of 2nd period - Off-side.
4:12 of 2nd period - Tristen Nielsen wins face-off versus Kiefer Sherwood in neutral zone.
5:16 of 2nd period - Jack Rathbone is hit by Kiefer Sherwood and loses puck.
5:23 of 2nd period - Snap shot by Kiefer Sherwood.
5:23 of 2nd period - Goal by Kiefer Sherwood - Sarnia Sailors : 1 - Tucson Roadrunners : 2.
5:24 of 2nd period - Tristen Nielsen wins face-off versus Kiefer Sherwood in neutral zone.
7:18 of 2nd period - Snap shot by Brad Lambert.
7:18 of 2nd period - Stopped by Kaapo Kahkonen with a rebound.
7:20 of 2nd period - Backhand shot by Vasili Podkolzin.
7:20 of 2nd period - Deflect By Nick Seeler.
7:20 of 2nd period - Stopped by Kaapo Kahkonen without a rebound.
7:21 of 2nd period - Nicolas Petan wins face-off versus Logan Morrison in Tucson Roadrunners zone.
7:21 of 2nd period - Nicolas Petan is hit by Logan Morrison.
7:33 of 2nd period - Slapshot by Jamie Drysdale.
7:33 of 2nd period - Stopped by Kaapo Kahkonen with a rebound.
7:47 of 2nd period - Slapshot by Tristen Nielsen.
7:47 of 2nd period - Shot Hit the Post.
7:49 of 2nd period - Snap shot by Tristen Nielsen.
7:49 of 2nd period - Stopped by Kaapo Kahkonen with a rebound.
7:51 of 2nd period - Slapshot by Jamie Drysdale.
7:51 of 2nd period - Stopped by Kaapo Kahkonen with a rebound.
7:53 of 2nd period - Slapshot by Declan Chisholm.
7:53 of 2nd period - Stopped by Kaapo Kahkonen with a rebound.
7:55 of 2nd period - Snap shot by Adam Erne.
7:55 of 2nd period - Shot Misses the Net.
7:57 of 2nd period - Wrist shot by Tristen Nielsen.
7:57 of 2nd period - Shot Misses the Net.
8:16 of 2nd period - Minor Penalty to Jett Woo for Interference.
8:17 of 2nd period - Logan Morrison wins face-off versus Kiefer Sherwood in Sarnia Sailors zone.
8:17 of 2nd period - Logan Morrison is hit by Nick Seeler.
9:14 of 2nd period - Logan Morrison is hit by William Carrier and loses puck.
10:16 of 2nd period - Penalty to Jett Woo is over, Jett Woo is back on ice.
10:22 of 2nd period - Slapshot by Anthony Richard.
10:22 of 2nd period - Shot Misses the Net.
10:24 of 2nd period - Snap shot by Anthony Richard.
10:24 of 2nd period - Shot Misses the Net.
10:26 of 2nd period - Snap shot by Maxwell Crozier.
10:26 of 2nd period - Stopped by Remi Poirier without a rebound.
10:27 of 2nd period - Brad Lambert wins face-off versus Walker Duehr in Sarnia Sailors zone.
10:39 of 2nd period - Icing by Walker Duehr.
10:40 of 2nd period - Anthony Richard wins face-off versus Brad Lambert in Tucson Roadrunners zone.
10:45 of 2nd period - Snap shot by Walker Duehr.
10:45 of 2nd period - Stopped by Remi Poirier with a rebound.
10:56 of 2nd period - Wrist shot by Arthur Kaliyev.
10:56 of 2nd period - Shot Misses the Net.
11:15 of 2nd period - Wrist shot by William Carrier.
11:15 of 2nd period - Shot Misses the Net.
11:17 of 2nd period - Snap shot by Johnathan Kovacevic.
11:17 of 2nd period - Shot Misses the Net.
12:13 of 2nd period - Snap shot by William Carrier.
12:13 of 2nd period - Deflect By Kiefer Sherwood.
12:13 of 2nd period - Stopped by Remi Poirier without a rebound.
12:14 of 2nd period - Brad Lambert wins face-off versus Kiefer Sherwood in Sarnia Sailors zone.
12:14 of 2nd period - Brad Lambert is hit by Johnathan Kovacevic.
12:40 of 2nd period - Nicolas Petan is hit by Jack Rathbone and loses puck.
13:33 of 2nd period - Wrist shot by Anthony Richard.
13:33 of 2nd period - Stopped by Remi Poirier without a rebound.
13:34 of 2nd period - Kiefer Sherwood wins face-off versus Tristen Nielsen in Sarnia Sailors zone.
13:34 of 2nd period - Kiefer Sherwood is hit by Jamie Drysdale.
13:36 of 2nd period - Snap shot by Matt Nieto.
13:36 of 2nd period - Shot Misses the Net.
13:45 of 2nd period - Icing by Robert Hagg.
13:46 of 2nd period - Brad Lambert wins face-off versus Kiefer Sherwood in Tucson Roadrunners zone.
13:55 of 2nd period - Slapshot by Kiefer Sherwood.
13:55 of 2nd period - Stopped by Remi Poirier without a rebound.
13:56 of 2nd period - Brad Lambert wins face-off versus Kiefer Sherwood in Sarnia Sailors zone.
13:56 of 2nd period - Brad Lambert is hit by Robert Hagg.
14:01 of 2nd period - Declan Chisholm is hit by Maxwell Crozier and loses puck.
14:21 of 2nd period - Minor Penalty to William Carrier for Hooking.
14:22 of 2nd period - Brad Lambert wins face-off versus Walker Duehr in Tucson Roadrunners zone.
14:24 of 2nd period - Snap shot by Brad Lambert.
14:24 of 2nd period - Deflect By Arthur Kaliyev.
14:24 of 2nd period - Stopped by Kaapo Kahkonen without a rebound.
14:25 of 2nd period - Walker Duehr wins face-off versus Brad Lambert in Tucson Roadrunners zone.
14:25 of 2nd period - Walker Duehr is hit by Brad Lambert.
14:59 of 2nd period - Snap shot by Jesse Puljujarvi.
14:59 of 2nd period - Goal by Jesse Puljujarvi - Sarnia Sailors : 2 - Tucson Roadrunners : 2.
15:00 of 2nd period - Tristen Nielsen wins face-off versus Nicolas Petan in neutral zone.
15:05 of 2nd period - Wrist shot by Jesse Puljujarvi.
15:05 of 2nd period - Stopped by Kaapo Kahkonen without a rebound.
15:06 of 2nd period - Nicolas Petan wins face-off versus Tristen Nielsen in Tucson Roadrunners zone.
15:17 of 2nd period - Wrist shot by Brock McGinn.
15:17 of 2nd period - Shot Misses the Net.
16:16 of 2nd period - Slapshot by Kiefer Sherwood.
16:16 of 2nd period - Deflect By Jett Woo.
16:16 of 2nd period - Shot Misses the Net.
16:16 of 2nd period - Puck is out of play.
16:17 of 2nd period - Logan Morrison wins face-off versus Owen Sillinger in Sarnia Sailors zone.
16:28 of 2nd period - Snap shot by Samuel Walker.
16:28 of 2nd period - Shot Misses the Net.
17:01 of 2nd period - Off-side.
17:02 of 2nd period - Adam Erne wins face-off versus Walker Duehr in neutral zone.
17:04 of 2nd period - Off-side.
17:05 of 2nd period - Tristen Nielsen wins face-off versus Walker Duehr in neutral zone.
17:20 of 2nd period - Wrist shot by Walker Duehr.
17:20 of 2nd period - Shot Misses the Net.
17:38 of 2nd period - Slapshot by Jamie Drysdale.
17:38 of 2nd period - Shot Misses the Net.
17:56 of 2nd period - Off-side.
17:57 of 2nd period - Nicolas Petan wins face-off versus Antti Saarela in neutral zone.
18:22 of 2nd period - Minor Penalty to Gage Goncalves for High sticking.
18:23 of 2nd period - Brad Lambert wins face-off versus Kiefer Sherwood in Tucson Roadrunners zone.
18:36 of 2nd period - Slapshot by Declan Chisholm.
18:36 of 2nd period - Stopped by Kaapo Kahkonen without a rebound.
18:37 of 2nd period - William Carrier wins face-off versus Brad Lambert in Tucson Roadrunners zone.
19:13 of 2nd period - Slapshot by Tristen Nielsen.
19:13 of 2nd period - Shot Misses the Net.
19:45 of 2nd period - Jesse Puljujarvi is hit by Kiefer Sherwood and loses puck.
Goals for this period are 1 for Sarnia Sailors vs 1 for Tucson Roadrunners.
Shots for this period are 12 for Sarnia Sailors vs 8 for Tucson Roadrunners.
3rd period
0:01 of 3rd period - Kiefer Sherwood wins face-off versus Brad Lambert in neutral zone.
0:04 of 3rd period - Arthur Kaliyev is hit by Kiefer Sherwood and loses puck.
0:22 of 3rd period - Penalty to Gage Goncalves is over, Gage Goncalves is back on ice.
0:32 of 3rd period - Jesse Puljujarvi is hit by Ben Jones.
0:35 of 3rd period - Jamie Drysdale is hit by Robert Hagg and loses puck.
0:38 of 3rd period - Slapshot by Jamie Drysdale.
0:38 of 3rd period - Stopped by Kaapo Kahkonen with a rebound.
0:40 of 3rd period - Backhand shot by Jamie Drysdale.
0:40 of 3rd period - Shot Misses the Net.
0:42 of 3rd period - Slapshot by Tristen Nielsen.
0:42 of 3rd period - Shot Misses the Net.
1:01 of 3rd period - Wrist shot by Brock McGinn.
1:01 of 3rd period - Shot Misses the Net.
1:03 of 3rd period - Slapshot by Robert Hagg.
1:03 of 3rd period - Shot Blocked by Tyson Hinds.
1:05 of 3rd period - Slapshot by Robert Hagg.
1:05 of 3rd period - Deflect By Logan Morrison.
1:05 of 3rd period - Stopped by Remi Poirier with a rebound.
1:17 of 3rd period - Topias Vilen is hit by Landon Slaggert and loses puck.
2:05 of 3rd period - Snap shot by Jack Rathbone.
2:05 of 3rd period - Shot Blocked by Johnathan Kovacevic.
2:09 of 3rd period - Wrist shot by Samuel Walker.
2:09 of 3rd period - Deflect By Cole Reinhardt.
2:09 of 3rd period - Shot Blocked by William Carrier.
2:09 of 3rd period - Puck is out of play.
2:10 of 3rd period - Cole Reinhardt wins face-off versus Walker Duehr in Tucson Roadrunners zone.
2:19 of 3rd period - Slapshot by Declan Chisholm.
2:19 of 3rd period - Stopped by Kaapo Kahkonen with a rebound.
2:21 of 3rd period - Wrist shot by Samuel Walker.
2:21 of 3rd period - Shot Misses the Net.
2:23 of 3rd period - Wrist shot by Jamie Drysdale.
2:23 of 3rd period - Shot Blocked by Anthony Richard.
2:25 of 3rd period - Slapshot by Declan Chisholm.
2:25 of 3rd period - Shot Blocked by Robert Hagg.
2:44 of 3rd period - Snap shot by Maxwell Crozier.
2:44 of 3rd period - Shot Blocked by Adam Ginning.
3:04 of 3rd period - Snap shot by Landon Slaggert.
3:04 of 3rd period - Shot Misses the Net.
3:06 of 3rd period - Wrist shot by Lucas Edmonds.
3:06 of 3rd period - Stopped by Kaapo Kahkonen with a rebound.
3:08 of 3rd period - Snap shot by Lucas Edmonds.
3:08 of 3rd period - Goal by Lucas Edmonds - Sarnia Sailors : 3 - Tucson Roadrunners : 2.
3:09 of 3rd period - Brad Lambert wins face-off versus Kiefer Sherwood in neutral zone.
3:34 of 3rd period - Slapshot by Nicolas Petan.
3:34 of 3rd period - Shot Blocked by Jamie Drysdale.
4:11 of 3rd period - Slapshot by Samuel Walker.
4:11 of 3rd period - Goal by Samuel Walker - Sarnia Sailors : 4 - Tucson Roadrunners : 2.
4:12 of 3rd period - Brad Lambert wins face-off versus Kiefer Sherwood in neutral zone.
4:19 of 3rd period - Wrist shot by Vasili Podkolzin.
4:19 of 3rd period - Stopped by Kaapo Kahkonen without a rebound.
4:20 of 3rd period - Kiefer Sherwood wins face-off versus Brad Lambert in Tucson Roadrunners zone.
4:22 of 3rd period - Double Minor Penalty to Nick Seeler for Roughing.
4:23 of 3rd period - Brad Lambert wins face-off versus William Carrier in Tucson Roadrunners zone.
4:25 of 3rd period - Slapshot by Brad Lambert.
4:25 of 3rd period - Shot Blocked by Maxwell Crozier.
4:37 of 3rd period - Declan Chisholm is hit by Matt Nieto and loses puck.
4:58 of 3rd period - Slapshot by Jesse Puljujarvi.
4:58 of 3rd period - Stopped by Kaapo Kahkonen without a rebound.
4:59 of 3rd period - William Carrier wins face-off versus Tristen Nielsen in Tucson Roadrunners zone.
5:04 of 3rd period - Jett Woo is hit by Maxwell Crozier and loses puck.
5:15 of 3rd period - Wrist shot by Tristen Nielsen.
5:15 of 3rd period - Shot Blocked by Maxwell Crozier.
5:17 of 3rd period - Snap shot by Tristen Nielsen.
5:17 of 3rd period - Shot Misses the Net.
5:19 of 3rd period - Snap shot by Jesse Puljujarvi.
5:19 of 3rd period - Shot Misses the Net.
5:21 of 3rd period - Snap shot by Jett Woo.
5:21 of 3rd period - Shot Misses the Net.
5:33 of 3rd period - Slapshot by Tristen Nielsen.
5:33 of 3rd period - Stopped by Kaapo Kahkonen with a rebound.
5:35 of 3rd period - Wrist shot by Jesse Puljujarvi.
5:35 of 3rd period - Shot Blocked by Maxwell Crozier.
5:45 of 3rd period - Declan Chisholm is hit by Maksymilian Szuber and loses puck.
6:38 of 3rd period - Snap shot by Walker Duehr.
6:38 of 3rd period - Shot Blocked by Jett Woo.
6:41 of 3rd period - Icing by Jack Rathbone.
6:42 of 3rd period - Brad Lambert wins face-off versus Walker Duehr in Sarnia Sailors zone.
6:59 of 3rd period - Brad Lambert is hit by Kiefer Sherwood and loses puck.
8:22 of 3rd period - Penalty to Nick Seeler is over, Nick Seeler is back on ice.
8:24 of 3rd period - Snap shot by Kiefer Sherwood.
8:24 of 3rd period - Shot Blocked by Landon Slaggert.
9:10 of 3rd period - Snap shot by Walker Duehr.
9:10 of 3rd period - Stopped by Remi Poirier with a rebound.
9:32 of 3rd period - Jesse Puljujarvi is hit by Trevor Kuntar and loses puck.
10:06 of 3rd period - Snap shot by Walker Duehr.
10:06 of 3rd period - Deflect By Ben Jones.
10:06 of 3rd period - Stopped by Remi Poirier with a rebound.
10:37 of 3rd period - Lucas Edmonds is hit by Nick Seeler and loses puck.
10:44 of 3rd period - Slapshot by Jett Woo.
10:44 of 3rd period - Stopped by Kaapo Kahkonen with a rebound.
10:48 of 3rd period - Snap shot by Landon Slaggert.
10:48 of 3rd period - Deflect By Lucas Edmonds.
10:48 of 3rd period - Stopped by Kaapo Kahkonen with a rebound.
10:50 of 3rd period - Slapshot by Declan Chisholm.
10:50 of 3rd period - Deflect By Lucas Edmonds.
10:50 of 3rd period - Shot Blocked by Gage Goncalves.
10:50 of 3rd period - Puck is out of play.
10:51 of 3rd period - Nicolas Petan wins face-off versus Brad Lambert in Tucson Roadrunners zone.
11:13 of 3rd period - Vasili Podkolzin is hit by Anthony Richard and loses puck.
11:18 of 3rd period - Snap shot by Walker Duehr.
11:18 of 3rd period - Goal by Walker Duehr - Sarnia Sailors : 4 - Tucson Roadrunners : 3.
11:19 of 3rd period - Kiefer Sherwood wins face-off versus Vasili Podkolzin in neutral zone.
11:22 of 3rd period - Jamie Drysdale is hit by Nick Seeler and loses puck.
12:10 of 3rd period - Wrist shot by Adam Erne.
12:10 of 3rd period - Shot Misses the Net.
12:16 of 3rd period - Wrist shot by Jesse Puljujarvi.
12:16 of 3rd period - Shot Misses the Net.
12:52 of 3rd period - Maksymilian Szuber is hit by Adam Ginning and loses puck.
13:28 of 3rd period - Snap shot by Adam Erne.
13:28 of 3rd period - Shot Misses the Net.
13:30 of 3rd period - Slapshot by Jett Woo.
13:30 of 3rd period - Stopped by Kaapo Kahkonen with a rebound.
13:32 of 3rd period - Snap shot by Jesse Puljujarvi.
13:32 of 3rd period - Shot Misses the Net.
13:34 of 3rd period - Snap shot by Adam Erne.
13:34 of 3rd period - Shot Blocked by Maxwell Crozier.
13:46 of 3rd period - Backhand shot by Jamie Drysdale.
13:46 of 3rd period - Stopped by Kaapo Kahkonen with a rebound.
13:48 of 3rd period - Snap shot by Antti Saarela.
13:48 of 3rd period - Shot Misses the Net.
13:50 of 3rd period - Slapshot by Lucas Edmonds.
13:50 of 3rd period - Shot Misses the Net.
13:52 of 3rd period - Slapshot by Declan Chisholm.
13:52 of 3rd period - Stopped by Kaapo Kahkonen without a rebound.
13:53 of 3rd period - Brad Lambert wins face-off versus Kiefer Sherwood in Tucson Roadrunners zone.
13:56 of 3rd period - Slapshot by Vasili Podkolzin.
13:56 of 3rd period - Stopped by Kaapo Kahkonen without a rebound.
13:57 of 3rd period - Kiefer Sherwood wins face-off versus Brad Lambert in Tucson Roadrunners zone.
13:57 of 3rd period - Kiefer Sherwood is hit by Brad Lambert.
14:09 of 3rd period - Wrist shot by Brad Lambert.
14:09 of 3rd period - Stopped by Kaapo Kahkonen without a rebound.
14:10 of 3rd period - Brad Lambert wins face-off versus Nicolas Petan in Tucson Roadrunners zone.
14:11 of 3rd period - Wrist shot by Arthur Kaliyev.
14:11 of 3rd period - Shot Misses the Net.
14:26 of 3rd period - Snap shot by Arthur Kaliyev.
14:26 of 3rd period - Stopped by Kaapo Kahkonen with a rebound.
14:46 of 3rd period - Jesse Puljujarvi is hit by Matt Nieto and loses puck.
15:09 of 3rd period - Snap shot by William Carrier.
15:09 of 3rd period - Shot Blocked by Jack Rathbone.
15:27 of 3rd period - Wrist shot by Walker Duehr.
15:27 of 3rd period - Stopped by Remi Poirier with a rebound.
15:31 of 3rd period - Wrist shot by Anthony Richard.
15:31 of 3rd period - Stopped by Remi Poirier with a rebound.
15:33 of 3rd period - Slapshot by Maksymilian Szuber.
15:33 of 3rd period - Stopped by Remi Poirier with a rebound.
15:35 of 3rd period - Snap shot by Anthony Richard.
15:35 of 3rd period - Stopped by Remi Poirier without a rebound.
15:36 of 3rd period - Brad Lambert wins face-off versus Walker Duehr in Sarnia Sailors zone.
15:39 of 3rd period - Ben Jones beats up Tyson Hinds.
15:39 of 3rd period - Penalty to Ben Jones for Fighting.
15:39 of 3rd period - Penalty to Tyson Hinds for Fighting.
15:40 of 3rd period - Logan Morrison wins face-off versus Walker Duehr in neutral zone.
16:17 of 3rd period - Wrist shot by Kiefer Sherwood.
16:17 of 3rd period - Shot Misses the Net.
16:33 of 3rd period - Adam Erne is hit by Brock McGinn and loses puck.
16:50 of 3rd period - Brock McGinn is hit by Cole Reinhardt and loses puck.
17:23 of 3rd period - Adam Ginning is hit by Johnathan Kovacevic and loses puck.
17:42 of 3rd period - Snap shot by Samuel Walker.
17:42 of 3rd period - Stopped by Kaapo Kahkonen with a rebound.
18:02 of 3rd period - Nicolas Petan is hit by Jamie Drysdale.
18:12 of 3rd period - Wrist shot by Nicolas Petan.
18:12 of 3rd period - Shot Blocked by Tristen Nielsen.
18:14 of 3rd period - Wrist shot by Anthony Richard.
18:14 of 3rd period - Deflect By Jett Woo.
18:14 of 3rd period - Stopped by Remi Poirier without a rebound.
18:15 of 3rd period - Walker Duehr wins face-off versus Tristen Nielsen in Sarnia Sailors zone.
18:26 of 3rd period - Snap shot by Walker Duehr.
18:26 of 3rd period - Shot Blocked by Jett Woo.
18:28 of 3rd period - Snap shot by Maxwell Crozier.
18:28 of 3rd period - Stopped by Remi Poirier with a rebound.
18:36 of 3rd period - Tucson Roadrunners, Kaapo Kahkonen is pulled from the net.
18:40 of 3rd period - Wrist shot by William Carrier.
18:40 of 3rd period - Shot Blocked by Tristen Nielsen.
18:42 of 3rd period - Slapshot by Nick Seeler.
18:42 of 3rd period - Shot Misses the Net.
18:44 of 3rd period - Slapshot by Nick Seeler.
18:44 of 3rd period - Stopped by Remi Poirier without a rebound.
18:45 of 3rd period - Lane Lambert call a timeout for Tucson Roadrunners.
18:45 of 3rd period - Brad Lambert wins face-off versus Kiefer Sherwood in Sarnia Sailors zone.
18:54 of 3rd period - Wrist shot by Matt Nieto.
18:54 of 3rd period - Goal by Matt Nieto - Sarnia Sailors : 4 - Tucson Roadrunners : 4.
18:54 of 3rd period - Kaapo Kahkonen from Tucson Roadrunners was sent back in the game.
18:55 of 3rd period - Walker Duehr wins face-off versus Logan Morrison in neutral zone.
18:58 of 3rd period - Snap shot by Walker Duehr.
18:58 of 3rd period - Deflect By Declan Chisholm.
18:58 of 3rd period - Shot Misses the Net.
18:58 of 3rd period - Puck is out of play.
18:59 of 3rd period - Logan Morrison wins face-off versus Walker Duehr in Sarnia Sailors zone.
19:12 of 3rd period - Walker Duehr is hit by Declan Chisholm and loses puck.
19:27 of 3rd period - Johnathan Kovacevic is hit by Jesse Puljujarvi and loses puck.
19:32 of 3rd period - Slapshot by Jesse Puljujarvi.
19:32 of 3rd period - Stopped by Kaapo Kahkonen with a rebound.
19:34 of 3rd period - Slapshot by Jamie Drysdale.
19:34 of 3rd period - Stopped by Kaapo Kahkonen without a rebound.
19:35 of 3rd period - Nicolas Petan wins face-off versus Logan Morrison in Tucson Roadrunners zone.
Goals for this period are 2 for Sarnia Sailors vs 2 for Tucson Roadrunners.
Shots for this period are 19 for Sarnia Sailors vs 12 for Tucson Roadrunners.
Overtime #1
0:01 of 1st overtime period - Brad Lambert wins face-off versus Kiefer Sherwood in neutral zone.
0:39 of 1st overtime period - Penalty to Ben Jones is over, Ben Jones is back on ice.
0:39 of 1st overtime period - Penalty to Tyson Hinds is over, Tyson Hinds is back on ice.
0:48 of 1st overtime period - Wrist shot by Matt Nieto.
0:48 of 1st overtime period - Stopped by Remi Poirier without a rebound.
0:49 of 1st overtime period - Brad Lambert wins face-off versus William Carrier in Sarnia Sailors zone.
0:49 of 1st overtime period - Brad Lambert is hit by Brock McGinn.
1:15 of 1st overtime period - Kiefer Sherwood is hit by Jett Woo and loses puck.
2:00 of 1st overtime period - Arthur Kaliyev is hit by William Carrier and loses puck.
2:08 of 1st overtime period - Icing by Declan Chisholm.
2:09 of 1st overtime period - Brad Lambert wins face-off versus Kiefer Sherwood in Sarnia Sailors zone.
2:14 of 1st overtime period - Wrist shot by Tristen Nielsen.
2:14 of 1st overtime period - Shot Misses the Net.
2:41 of 1st overtime period - Slapshot by Jamie Drysdale.
2:41 of 1st overtime period - Stopped by Kaapo Kahkonen with a rebound.
3:07 of 1st overtime period - Jett Woo is hit by Nick Seeler and loses puck.
3:12 of 1st overtime period - Wrist shot by Anthony Richard.
3:12 of 1st overtime period - Deflect By Arthur Kaliyev.
3:12 of 1st overtime period - Shot Blocked by Arthur Kaliyev.
3:12 of 1st overtime period - Puck is out of play.
3:13 of 1st overtime period - Brad Lambert wins face-off versus William Carrier in Sarnia Sailors zone.
3:28 of 1st overtime period - Backhand shot by Cole Reinhardt.
3:28 of 1st overtime period - Shot Blocked by Nick Seeler.
3:30 of 1st overtime period - Backhand shot by Logan Morrison.
3:30 of 1st overtime period - Shot Misses the Net.
3:32 of 1st overtime period - Slapshot by Jack Rathbone.
3:32 of 1st overtime period - Deflect By Nick Seeler.
3:32 of 1st overtime period - Stopped by Kaapo Kahkonen with a rebound.
3:34 of 1st overtime period - Snap shot by Jack Rathbone.
3:34 of 1st overtime period - Stopped by Kaapo Kahkonen with a rebound.
3:36 of 1st overtime period - Slapshot by Declan Chisholm.
3:36 of 1st overtime period - Stopped by Kaapo Kahkonen without a rebound.
3:37 of 1st overtime period - William Carrier wins face-off versus Brad Lambert in Tucson Roadrunners zone.
3:53 of 1st overtime period - Icing by Brock McGinn.
3:54 of 1st overtime period - Kiefer Sherwood wins face-off versus Tristen Nielsen in Tucson Roadrunners zone.
4:17 of 1st overtime period - Snap shot by Arthur Kaliyev.
4:17 of 1st overtime period - Shot Blocked by Nick Seeler.
Goals for this period are 0 for Sarnia Sailors vs 0 for Tucson Roadrunners.
Shots for this period are 4 for Sarnia Sailors vs 1 for Tucson Roadrunners.
ShootOut
5:00 of 1st overtime period - Round #1.
5:00 of 1st overtime period - Sarnia Sailors, Arthur Kaliyev.
5:00 of 1st overtime period - Backhand shot by Arthur Kaliyev.
5:00 of 1st overtime period - Shot Misses the Net.
5:00 of 1st overtime period - Tucson Roadrunners, Kiefer Sherwood.
5:00 of 1st overtime period - Snap shot by Kiefer Sherwood.
5:00 of 1st overtime period - Stopped by Remi Poirier.
5:00 of 1st overtime period - Round #2.
5:00 of 1st overtime period - Sarnia Sailors, Jesse Puljujarvi.
5:00 of 1st overtime period - Wrist shot by Jesse Puljujarvi.
5:00 of 1st overtime period - Goal by Jesse Puljujarvi.
5:00 of 1st overtime period - Tucson Roadrunners, Matt Nieto.
5:00 of 1st overtime period - Wrist shot by Matt Nieto.
5:00 of 1st overtime period - Stopped by Remi Poirier.
5:00 of 1st overtime period - Round #3.
5:00 of 1st overtime period - Sarnia Sailors, Adam Erne.
5:00 of 1st overtime period - Wrist shot by Adam Erne.
5:00 of 1st overtime period - Goal by Adam Erne.
Back to the Top